[Event "Chinese League Division-A 2024"]
[Site "Fuling Chongqing"]
[Date "2024.07.07"]
[Round "10.25"]
[White "Liu, Manli"]
[Black "Wang, Chuqiao"]
[Result "1/2-1/2"]
[ECO "C93"]
[WhiteElo "2056"]
[BlackElo "2278"]
[Annotator "RC"]
[PlyCount "95"]
[EventDate "2024.06.28"]
[EventType "team-tourn"]
[EventCountry "CHN"]
[SourceTitle "playchess.com"]
[Source "ChessBase"]
[SourceQuality "1"]
[TimeControl "40/5400+30:1800+30"]

1. e4 e5 2. Nf3 Nc6 3. Bb5 a6 4. Ba4 Nf6 5. O-O Be7 6. Re1 b5 7. Bb3 d6 8. c3 O-O 9. h3 Bb7 10. d4 Re8 11. Nbd2 Bf8 12. a3 h6 13. Bc2 Nb8 14. a4 Nbd7 15. Bd3 c6 16. b3 g6 17. Bb2 Bg7 18. Qc2 Qe7 19. axb5 axb5 20. dxe5 Nxe5 21. Nxe5 dxe5 22. b4 Rxa1 23. Rxa1 Ra8 24. Rxa8+ Bxa8 25. Nb3 Nh5 26. g3 Qa7 27. Kh2 Nf6 28. Bc1 Nd7 29. Be3 Qb8 30. Be2 h5 31. Qd2 Qc7 32. Qa2 Qb8 33. c4 Bf8 34. c5 Nf6 35. Bf3 Bb7 36. Na5 Ba8 37. Bg2 Qe8 38. Qa1 Bg7 39. Qd1 Bf8 40. Qd3 Qd7 41. Qc3 Bg7 42. Bf3 Ne8 43. g4 hxg4 44. hxg4 Kf8 45. g5 Nc7 46. Kg3 Ne6 47. Bg4 Qe7 48. Bxe6 1/2-1/2

[Event "Chinese League Division-A 2024"]
[Site "Fuling Chongqing"]
[Date "2024.07.07"]
[Round "10.26"]
[White "Wang, Hao"]
[Black "Chen, Yuan"]
[Result "1-0"]
[ECO "C02"]
[WhiteElo "2702"]
[BlackElo "2294"]
[Annotator "TA"]
[PlyCount "86"]
[EventDate "2024.06.28"]
[EventType "team-tourn"]
[EventCountry "CHN"]
[SourceTitle "playchess.com"]
[Source "ChessBase"]
[SourceQuality "1"]
[TimeControl "40/5400+30:1800+30"]

1. e4 e6 2. d4 d5 3. e5 c5 4. c3 Bd7 5. Nf3 Nc6 6. Be2 Nge7 7. O-O Nf5 8. dxc5 Bxc5 9. Bd3 Nh4 10. Nbd2 a5 11. g3 {[%emt 0:16:58] White is slightly better.} Nxf3+ 12. Nxf3 h6 13. Bc2 b5 14. Re1 Qb6 15. Be3 Rc8 16. h4 b4 17. h5 Bxe3 18. Rxe3 bxc3 19. bxc3 Qc5 20. Ba4 O-O 21. Bc2 Ne7 22. Nd4 Nf5 23. Bxf5 exf5 24. Qd2 a4 25. Rb1 Rb8 26. Rb4 Rfc8 {[%emt 0:00:53] [#] ...Rxb4 would now be deadly.} 27. Re1 Rxb4 28. cxb4 Qc3 29. Qxc3 Rxc3 $11 {[%emt 0:00:02][%mdl 4096] Endgame. KRB-KRN} 30. Rd1 Rc7 (30... Kf8 $11 {remains equal.}) 31. b5 $16 {[%emt 0:00:48] aiming for Rb1. White is more active.} Rb7 $2 {[%emt 0:00:13] [#]} (31... Rc4 $16 {was necessary.}) 32. Rb1 $18 Kf8 33. f4 Ke7 34. b6 Kd8 35. Kf2 Rb8 36. Ke3 Rb7 37. a3 Rb8 38. Kd3 Rc8 $2 (38... Ke7 39. Ne2 Kf8) 39. Ne2 Rb8 40. Nd4 (40. Kd4 $142) 40... Rc8 $1 41. Nb5 {[%emt 0:02:28] White is clearly winning.} Rb8 42. Nd6 Ke7 43. b7 g6 {[%emt 0:00:00] Weighted Error Value: White=0.31/Black=0.33.  Loses game:     	---       	Black=1      Mistake:       	---       	Black=2      Inaccurate:     	White=3     	Black=1      OK:         	White=14    	Black=9      Best:        	White=3     	Black=1      Strong:       	---       	Black=1} 1-0

[Event "Chinese League Division-A 2024"]
[Site "Fuling Chongqing"]
[Date "2024.07.07"]
[Round "10.27"]
[White "Lu, Shanglei"]
[Black "Zhao, Jun"]
[Result "1/2-1/2"]
[ECO "C65"]
[WhiteElo "2606"]
[BlackElo "2538"]
[Annotator "TA"]
[PlyCount "57"]
[EventDate "2024.06.28"]
[EventType "team-tourn"]
[EventCountry "CHN"]
[SourceTitle "playchess.com"]
[Source "ChessBase"]
[SourceQuality "1"]
[TimeControl "40/5400+30:1800+30"]

1. e4 e5 2. Nf3 Nc6 3. Bb5 Nf6 4. d3 d6 5. c4 Bg4 6. Be3 Nd7 7. Bxc6 bxc6 8. h3 Bxf3 9. Qxf3 Be7 10. Nc3 Nf8 11. b4 Ne6 12. O-O O-O 13. a4 a6 14. Qg4 Bg5 15. b5 Bxe3 16. fxe3 axb5 17. axb5 Rxa1 18. Rxa1 cxb5 19. cxb5 Qb8 20. Ra6 Nc5 21. Rc6 Ne6 22. Kh2 {[%emt 0:06:56] Black is weak on the light squares} h6 23. Qd1 Qa7 (23... Qb7 $11 {is more appropriate.}) 24. Qc1 (24. Nd5 $14) 24... Rb8 $11 {[%emt 0:01:04] The position is equal.} 25. Ra6 Qc5 26. Ra4 Qb6 ({Don't blunder} 26... Rxb5 $2 27. Ra8+ (27. Rc4 Qb6 $16) 27... Nf8 28. Qa1 $18) 27. Ra6 Qc5 28. Rc6 Qa7 29. Ra6 {[%emt 0:01:26] Weighted Error Value: White=0.09 (flawless) /Black=0.06 (flawless) .  Mistake:       	White=1     	Black=1      OK:         	White=6     	Black=13} 1/2-1/2

[Event "Chinese League Division-A 2024"]
[Site "Fuling Chongqing"]
[Date "2024.07.07"]
[Round "10.28"]
[White "Pang, Tao"]
[Black "Chen, Zhi"]
[Result "1-0"]
[ECO "D66"]
[WhiteElo "2495"]
[BlackElo "2164"]
[Annotator "TA"]
[PlyCount "114"]
[EventDate "2024.06.28"]
[EventType "team-tourn"]
[EventCountry "CHN"]
[SourceTitle "playchess.com"]
[Source "ChessBase"]
[SourceQuality "1"]
[TimeControl "40/5400+30:1800+30"]

1. d4 d5 2. c4 e6 3. Nc3 Nf6 4. Bg5 Be7 5. e3 h6 6. Bh4 c6 7. Bd3 Nbd7 8. Nf3 dxc4 9. Bxc4 b5 10. Bd3 a6 11. a4 Bb7 12. O-O b4 13. Bxf6 Nxf6 14. Ne4 O-O 15. Rc1 Rc8 (15... Nd7 $1 $11 {remains equal.}) 16. Qe2 ({White should play} 16. Ne5 $16) 16... Qa5 (16... Nxe4 $11 17. Bxe4 Bd6) 17. Ne5 ({Better is} 17. Nc5 $16 Bxc5 18. Rxc5 Qxa4 19. Ne5) 17... Nxe4 (17... c5 $14 18. Nxf6+ Bxf6) 18. Bxe4 $16 Rc7 {[%emt 0:00:15] Black is weak on the light squares} (18... Qc7 $16) 19. b3 (19. Nxc6 Qxa4 20. Ra1 Qb5 21. Nxe7+ Rxe7 22. Qxb5 axb5 23. Bxb7 Rxb7 $15) (19. Bxc6 $18 Bxc6 20. Rxc6 Qxe5 21. dxe5 Rxc6 22. Rd1) 19... Qb6 20. Nd3 {[%emt 0:07:54] White is much more active.} a5 21. Nc5 {[%emt 0:00:50] Inhibits Ba6.} e5 22. Nxb7 exd4 {[%emt 0:01:59] [#]} 23. Nxa5 $1 Qxa5 24. exd4 Bf6 25. Rfd1 Qb6 26. Qg4 $36 {[%emt 0:07:49][%mdl 2048] White is on the roll.} g6 {[%emt 0:01:05] [#]} 27. Rc4 (27. d5 $142 $1 {[%cal Rd5d6] And now d6 would win.} c5 28. d6) 27... Rd8 28. d5 cxd5 (28... c5 $16 {might work better.}) 29. Bxd5 $18 Kg7 30. Rxb4 Qa7 {[%emt 0:01:04] aiming for ...Rc2.} 31. g3 Rcd7 32. Qf3 Qc5 33. Rb5 Qc2 34. Kg2 h5 35. h4 Re7 36. Rb6 Qb2 37. Rd2 Qa1 (37... Qc3 $142 38. Rd3 Qb2) 38. Rd1 Qb2 39. Rb7 Rxb7 40. Bxb7 Rxd1 41. Qxd1 {[%emt 0:00:08][%mdl 4096] Endgame. KQB-KQB} Bd4 42. Qf3 Qd2 43. Bd5 f6 44. Bc4 Bc5 (44... f5 $142 45. Kg1 Bc5) 45. a5 {[%emt 0:05:05][%cal Ob3b4,Ba4a5,Ba5a6][%mdl 32] Strongly threatening b4!} Bd4 $2 (45... f5 46. a6 Qd4) 46. a6 {[%emt 0:00:41][%cal Oa6a7] Black must now prevent a7!} Kh6 47. Qe2 Qxe2 48. Bxe2 {[%emt 0:00:03] KB-KB} g5 49. f4 g4 50. Bd3 Kg7 51. Kf1 Kf7 52. Ke2 {[%emt 0:00:06] b4 would now be deadly.} Bb6 53. b4 {[%emt 0:00:04][%cal Bb3b4,Bb4b5][%mdl 32] White threatens Bf5 and mate.} Ba7 54. b5 Bb6 55. Be4 Ba7 56. Kd3 Bf2 57. Bf5 {[%emt 0:00:16] Ke4 would kill now.} Ke7 {[%emt 0:00:49] Weighted Error Value: White=0.48/Black=0.45.  Mistake:       	White=4     	Black=7      Inaccurate:     	White=1     	Black=3      OK:         	White=11    	Black=9      Best:        	White=2     	Black=2} 1-0

[Event "Chinese League Division-A 2024"]
[Site "Fuling Chongqing"]
[Date "2024.07.07"]
[Round "10.30"]
[White "Li, Xueyi"]
[Black "Zhu, Jiner"]
[Result "0-1"]
[ECO "D38"]
[WhiteElo "2209"]
[BlackElo "2476"]
[Annotator "TA"]
[PlyCount "66"]
[EventDate "2024.06.28"]
[EventType "team-tourn"]
[EventCountry "CHN"]
[SourceTitle "playchess.com"]
[Source "ChessBase"]
[SourceQuality "1"]
[TimeControl "40/5400+30:1800+30"]

1. d4 Nf6 2. c4 e6 3. Nf3 d5 4. Nc3 Bb4 5. Qa4+ Nc6 6. e3 O-O 7. Qc2 Na5 8. c5 b6 9. Bd2 {[%emt 0:11:18] White is slightly better.} Nc4 10. a3 Nxd2 11. Nxd2 Bxc3 12. Qxc3 bxc5 13. Qxc5 a5 14. Bd3 Ba6 15. Bxa6 Rxa6 16. O-O a4 17. b4 axb3 18. Nxb3 Qb8 19. Rfb1 Ne4 20. Qc2 {[%emt 0:05:09] Nc5 is the strong threat.} Qa7 21. Nd2 Nxd2 ({But not} 21... Rxa3 $6 22. Rxa3 Qxa3 23. Nxe4 dxe4 24. Qxc7 $14) 22. Qxd2 Rxa3 23. Rxa3 Qxa3 $15 {[%emt 0:00:06][%mdl 4096] Endgame. KQR-KQR} 24. Qc2 Qd6 25. g3 g6 26. Rb5 Ra8 27. Rc5 $2 {[%emt 0:02:39][%mdl 8192] [#] White does not recover from this.} (27. Kg2 $11 {and White has nothing to worry.}) 27... Ra1+ $1 $19 {[%emt 0:03:43] Black is clearly winning.} 28. Kg2 Qa6 29. h4 (29. Kf3 $142 Qf1 30. Rxc7 Qh1+ 31. Kg4 Qxh2 32. Kg5) 29... Qf1+ 30. Kf3 Qh1+ 31. Kg4 h6 {[%emt 0:00:24][%cal Oa1a2] ( -> ...Ra2!)} 32. f3 Rf1 33. Qe2 {[%emt 0:00:23] [#]} Rxf3 $3 {[%emt 0:01:42][%mdl 512] Weighted Error Value: White=0.83/Black=0.01 (flawless) .  Loses game:     	White=1     	---        Mistake:       	White=1     	---        Inaccurate:     	White=1     	---        OK:         	White=6     	Black=11     Best:        	White=2     	Black=2      Strong:       	---       	Black=1} 0-1